 Dungeon Crawl Stone Soup version 0.26-a0-649-gf8c6c3aab7 (webtiles) character file.

Game seed: 5867601673932610643

50 DogServant the Vexing (level 3, -2/20 HPs)
             Began as a Deep Elf Arcane Marksman on Sept 27, 2020.
             Slain by a goblin
             ... wielding a +0 club
              (4 damage)
             ... on level 2 of the Dungeon.
             The game lasted 00:04:48 (2070 turns).

DogServant the Vexing (Deep Elf Arcane Marksman)    Turns: 2070, Time: 00:04:48

Health: -2/20      AC:  2    Str:  7    XL:     3   Next: 55%
Magic:  7/7        EV: 13    Int: 17    God:
Gold:   16         SH:  0    Dex: 16    Spells: 2/5 levels left

rFire    . . .     SeeInvis .   i - +0 dagger
rCold    + . .     Faith    .   (no shield)
rNeg     . . .     Spirit   .   e - +0 robe
rPois    .         Reflect  .   (no helmet)
rElec    .         Harm     .   (no cloak)
rCorr    .         Rampage  .   (no gloves)
MR       .....                  (no boots)
Stlth    +.........             (no amulet)
HPRegen  0.06/turn              c - ring of protection from cold
MPRegen  0.10/turn              (no ring)

@: lethally poisoned (-2 -> -4)
A: no striking features
a: no special abilities


You were on level 2 of the Dungeon.
You visited 1 branch of the dungeon, and saw 2 of its levels.

You collected 16 gold pieces.

Inventory:

Hand Weapons
 a - a +0 shortbow
 i - a +0 dagger (weapon)
 j - a +0 hunting sling
Missiles
 d - 11 arrows
Armour
 e - a +0 robe (worn)
 g - a +0 buckler
 h - a +0 pair of boots
Jewellery
 c - a ring of protection from cold (left hand)
Wands
 p - a wand of disintegration (9)
Scrolls
 b - 2 scrolls of remove curse
 f - 2 scrolls of identify
 k - a scroll of immolation
 n - a scroll of magic mapping
 o - 2 scrolls of fog
 q - a scroll of noise {unknown}


   Skills:
 - Level 0.7 Fighting
 + Level 4.2 Bows
 - Level 2.4 Dodging
 - Level 1.5 Spellcasting
 + Level 5.2 Hexes


You had 2 spell levels left.
You knew the following spells:

 Your Spells              Type           Power        Failure   Level
a - Corona                Hex            ###....      2%          1
b - Slow                  Hex            ###.....     3%          2

Your spell library contained the following spells:

 Spells                   Type           Power        Failure   Level
 Inner Flame              Hex/Fire       ##......     22%         3
 Portal Projectile        Hex/Tloc       ##....       22%         3
 Cause Fear               Hex            ###.......   24%         4
 Leda's Liquefaction      Hex/Erth       ##........   56%         4


Dungeon Overview and Level Annotations

Branches:
Dungeon (2/15)

Altars:
Uskayaw


Message History

You closely miss the goblin. The goblin hits you with a +0 club.
You closely miss the goblin.
You feel sick. The goblin closely misses you.
You closely miss the goblin. The goblin hits you but does no damage.
You closely miss the goblin. The goblin barely misses you.
You hit the goblin.
The goblin is heavily wounded.
The goblin hits you with a +0 club.
* * * LOW HITPOINT WARNING * * *
You closely miss the goblin.
The goblin is heavily wounded.
* * * LOW HITPOINT WARNING * * *
You feel sick.
You aren't carrying any potions.
As you read the scroll labeled DOTSET QE MYNO, it crumbles to dust.
You feel aware of your surroundings.
You sensed 1 altar.
It was a scroll of magic mapping.
The goblin hits you but does no damage.
As you read the scroll labeled XETTADD XAYMA, it crumbles to dust.
The scroll dissolves into smoke.
It was a scroll of fog.
The goblin hits you with a +0 club.
You die...

#############*********
#..§§@g§.....,,,,,,,,,
#.###########*********
*****####'####################
*,,,*#$.........)..........#.. *
*,,,,#.#....######...#####'#.#
***#...,#.#....# #...# #....#
,,,#....#.#....####*########....#
,,,++...+..........,,,...........
,,,##...#.##.....##***#####.....#


You could see a goblin.

Vanquished Creatures
  An adder (D:2)
  A worm (D:2)
  2 dart slugs (D:1)
  3 ball pythons
  7 bats
  5 goblins
  7 hobgoblins
  A frilled lizard (D:1)
  4 kobolds
  4 rats (D:1)
35 creatures vanquished.

Notes
Turn   | Place    | Note
-------+----------+-------------------------------------------
     0 | D:1      | DogServant the Deep Elf Arcane Marksman began the quest for
                  | the Orb.
     0 | D:1      | Reached XP level 1. HP: 11/11 MP: 5/5
   311 | D:1      | Reached XP level 2. HP: 16/16 MP: 4/6
   559 | D:1      | You fall into a shaft and drop 1 floor!
  1033 | D:1      | Learned a level 2 spell: Slow
  1295 | D:2      | Reached XP level 3. HP: 9/20 MP: 7/7
  1549 | D:2      | Found a hide-covered altar of Uskayaw.
  1561 | D:2      | Reached skill level 5 in Hexes
  2070 | D:2      | Slain by a goblin

Illustrated notes

Levels and vault maps discovered:
D:1:      sevenhm_arrival_forest_fort_small_5, layout_basic
D:2:      layout_basic, eat_drink_and_be_merry_uskayaw, lemuel_round_altar

Skill      XL: |  1  2  3 |
---------------+----------+-----
Bows           | 3 4 |  4.2
Hexes          | 5 |  5.2
Fighting       | |  0.7
Dodging        | |  2.4
Spellcasting   | |  1.5

Action                   || total
-------------------------++-------
Melee: Dagger            ||   107
 Fire: Shortbow          ||    52
 Cast: Corona            ||    14
  Use: Scroll            ||     5
       Potion            ||     4
 Stab: Sleeping          ||     2
Armor: Robe              ||    41
Dodge: Dodged            ||   107

Table legend: (Time is in decaauts)
 A = Elapsed time spent in this place.
 B = Non-inter-level travel time spent in this place.
 C = Inter-level travel time spent in this place.
 D = Time resting spent in this place.
 E = Time spent auto-exploring this place.
 F = Levels seen in this place.
 G = Mean time per level.
                   A        B        C        D        E       F      G
               +--------+--------+--------+--------+--------+-----+--------+
         Total |   2075 |   2030 |     45 |    152 |   1456 |   2 | 1037.5 |
       Dungeon |   2075 |   2030 |     45 |    152 |   1456 |   2 | 1037.5 |
               +--------+--------+--------+--------+--------+-----+--------+

Top non-repeatable levels by time:
     D:1: 1213 daAuts
     D:2: 862 daAuts
